 Dungeon Crawl Stone Soup version 0.20-a0-959-gdc9e609 (webtiles) character file.

298 nubinia the Conjurer (level 6, -5/32 HPs)
             Began as a Tengu Conjurer on Apr 6, 2017.
             Slain by Blork the orc
             ... wielding a +0 battleaxe
              (14 damage)
             ... on level 4 of the Dungeon.
             The game lasted 00:16:42 (3447 turns).

nubinia the Conjurer (Tengu Conjurer)               Turns: 3447, Time: 00:16:43

Health: -5/32      AC:  2    Str: 10    XL:     6   Next: 36%
Magic:  3/12       EV: 13    Int: 18    God:
Gold:   256        SH:  0    Dex: 14    Spells: 4/12 levels left

rFire    . . .     SeeInvis .   r - +2 short sword (flame)
rCold    . . .     Gourm    .   (no shield)
rNeg     . . .     Faith    .   a - +0 robe
rPois    +         Spirit   .   (helmet restricted)
rElec    .         Reflect  .   (no cloak)
rCorr    .         Harm     .   (no gloves)
MR       .....                  (boots unavailable)
Stlth    ++........             (no amulet)
Regen    0.1/turn               s - +2 ring of strength
MPRegen  0.2/turn               p - ring of poison resistance

@: no status effects
A: beak, talons 3, able to fly 1
a: Fly


You were on level 4 of the Dungeon.
You were hungry.

You visited 1 branch of the dungeon, and saw 4 of its levels.

You collected 256 gold pieces.

Inventory:

Hand Weapons
 r - a +2 short sword of flaming (weapon)
Armour
 a - a +0 robe (worn)
Jewellery
 i - an uncursed ring of see invisible
 p - a ring of poison resistance (right hand)
 s - a +2 ring of strength (left hand)
Wands
 q - a wand of random effects (48/48)
Scrolls
 e - 2 scrolls of remove curse
 g - a scroll of enchant armour {unknown}
 h - 2 scrolls of identify
 k - a scroll of blinking {unknown}
 l - a scroll of enchant weapon {unknown}
 m - a scroll of magic mapping {unknown}
 n - a scroll of teleportation
 o - 2 scrolls of recharging
 v - a scroll of fear {unknown}
 x - a scroll of random uselessness {unknown}
 z - a scroll of amnesia {unknown}
Potions
 j - a potion of brilliance
 w - a potion of degeneration {unknown}
 y - a potion of curing
Books
 b - a book of Conjurations

   Spells                             Type                      Level
   a - Magic Dart                     Conjuration                  1
   b - Searing Ray                    Conjuration                  2
   c - Dazzling Spray                 Conjuration/Hexes            3
   d - Fulminant Prism                Conjuration/Hexes            4
   e - Force Lance                    Conjuration/Translocation    4
   f - Iskenderun's Mystic Blast      Conjuration                  4
 t - a book of Flames

   Spells                             Type                      Level
   a - Flame Tongue                   Conjuration/Fire             1
   b - Throw Flame                    Conjuration/Fire             2
   c - Conjure Flame                  Conjuration/Fire             3
   d - Inner Flame                    Hexes/Fire                   3
   e - Sticky Flame                   Conjuration/Fire             4
   f - Fireball                       Conjuration/Fire             5
Comestibles
 c - 3 bread rations
 d - 3 fruits
 f - 2 royal jellies
 u - 2 meat rations


   Skills:
 + Level 2.9 Dodging
 + Level 2.8 Stealth
 + Level 3.7 Spellcasting
 + Level 7.8 Conjurations


You had 4 spell levels left.
You knew the following spells:

 Your Spells              Type           Power        Failure   Level  Hunger
a - Magic Dart            Conj           ####         1%          1    None
b - Dazzling Spray        Conj/Hex       ###...       12%         3    ###....
c - Iskenderun's Mystic   Conj           ####....     8%          4    ####...


Dungeon Overview and Level Annotations

Branches:
Dungeon (4/15)
 Temple: D:4-7

Altars:
Elyvilon
Hepliaklqana
Kikubaaqudgha
Qazlal
Zin
The Shining One

Annotations:
D:3 exclusion: ogre, Grinder
D:4 Blork the orc


Innate Abilities, Weirdness & Mutations

You have a beak for a mouth.
You have claws for feet.
You can fly.


Message History

Press: ? - help, Shift-Dir - straight line, f/p - Blork the orc
Aim: Blork the orc, wielding a battleaxe and wearing a robe (heavily wounded, fast)
The magic dart hits Blork the orc.
Blork the orc is severely wounded.
Blork the orc casts a spell at you. The magic dart hits you!
Casting: Magic Dart
Confirm with . or Enter, or press ? or * to list all spells.
Aiming: Dazzling Spray
Press: ? - help, Shift-Dir - straight line, f/p - Blork the orc
Aim: Blork the orc, wielding a battleaxe and wearing a robe (severely wounded, fast)
The spray of energy hits Blork the orc.
Blork the orc is almost dead.
Blork the orc is dazzled.
Blork the orc points at you and mumbles some strange words.
The magic dart hits you!
* * * LOW HITPOINT WARNING * * *
Unknown command.
Blork the orc hits you with a battleaxe!
You die...

##### .....
............. .....
............. .....
............ .....
.....>....!# .....
?..........## ....o
............# .....
............# .....
.......?@...# # .....
.......o....#######.#
....
...........())......#
....
...........##########
......................#
...................##.#
..................[.# #
....................#
....................# #


You could see Blork the orc (blind).

Vanquished Creatures
  2 ogres (D:4)
  A hound (D:4)
  Jessica (D:3)
  2 adders
  An adder skeleton (D:4)
  2 worms (D:2)
  2 dart slugs
  3 leopard geckos
  2 orcs (D:4)
  A ball python (D:4)
  A bat (D:2)
  2 giant cockroaches (D:2)
  7 goblins
  A hobgoblin (D:1)
  A quokka (D:2)
  2 frilled lizards
  9 kobolds
  4 rats
44 creatures vanquished.

Notes
Turn   | Place    | Note
-------+----------+-------------------------------------------
     0 | D:1      | nubinia the Tengu Conjurer began the quest for the Orb.
     0 | D:1      | Reached XP level 1. HP: 10/10 MP: 4/4
   464 | D:2      | Reached XP level 2. HP: 15/15 MP: 3/6
   596 | D:2      | Found an ancient bone altar of Kikubaaqudgha.
   928 | D:2      | Reached skill level 6 in Conjurations
  1092 | D:2      | Reached XP level 3. HP: 19/19 MP: 4/7
  1125 | D:2      | Learned a level 3 spell: Dazzling Spray
  1821 | D:3      | Noticed Jessica
  1824 | D:3      | Killed Jessica
  1824 | D:3      | Reached XP level 4. HP: 24/24 MP: 5/8
  1883 | D:3      | Noticed an ogre
  1920 | D:3      | Found a white marble altar of Elyvilon.
  1920 | D:3      | Found a glowing silver altar of Zin.
  1920 | D:3      | Found a glowing golden altar of the Shining One.
  2373 | D:3      | Found a stormy altar of Qazlal.
  2373 | D:3      | Noticed Grinder
  2570 | D:4      | Learned a level 4 spell: Iskenderun's Mystic Blast
  2864 | D:4      | Reached skill level 7 in Conjurations
  2864 | D:4      | Gained mutation: You can fly. [Tengu growth]
  2864 | D:4      | Reached XP level 5. HP: 28/28 MP: 6/10
  2940 | D:4      | Noticed Blork the orc
  2990 | D:4      | Noticed an ogre
  3010 | D:4      | Killed an ogre
  3081 | D:4      | Found a hazy altar of Hepliaklqana.
  3133 | D:4      | Noticed an ogre
  3277 | D:4      | Killed an ogre
  3277 | D:4      | Reached XP level 6. HP: 17/32 MP: 1/12
  3447 | D:4      | Slain by Blork the orc

Vault maps used:
D:1:      dpeg_arrival_orchard, minmay_misc_feat_nine_boxes
D:2:      kiku_gazebo_pond_becter, hangedman_decor_peaks_small
D:3:      good_gods_mini_temple, lemuel_doored_altar, uniq_grinder, uniq_jessica
D:4:      kennysheep_mini_moat, first_bread, uniq_blork_the_orc

Skill      XL: |  1  2  3  4 |
---------------+-------------+-----
Conjurations   | 6 7 |  7.8
Spellcasting   | 3 |  3.7
Dodging        | |  2.9
Stealth        | |  2.8

Action                   |  1- 3 |  4- 6 || total
-------------------------+-------+-------++-------
Melee: Short sword       |       |    11 ||    11
       Kick              |       |     2 ||     2
 Cast: Magic Dart        |    55 |    57 ||   112
       Dazzling Spray    |       |     1 ||     1
  Use: Potion            |     1 |       ||     1
       Scroll            |     1 |     3 ||     4
  Eat: Chunk             |     3 |     5 ||     8
Armor: Robe              |       |     1 ||     1
Dodge: Dodged            |     1 |    18 ||    19
